Map: [ESL] Moondance

Players

Maru - Winner!

  • Race: Terran Terran
  • League: Master
  • Spawn Location: 6:00

Solar

  • Race: Zerg Zerg
  • League: Grandmaster
  • Spawn Location: 12:00

VOD

Have the link to the VOD?

Description

Time

  • Played on: Nov. 5, 2022, 7:27 a.m.
  • Length: 16:31
Show
View Real Time Build Order
Export as new Build Order

Maru Terran - Winner!

Build Orders:  

Get SALT Encoding   

  12  0:00  SCV  
  13  0:12  SCV  
  14  0:18  Supply Depot  
  14  0:24  SCV  
  15  0:40  SCV  
  15  0:41  Barracks  
  16  0:43  Refinery  
  16  0:52  SCV  
  17  0:58  Barracks  
  17  1:04  SCV  
  18  1:16  SCV  
  19  1:28  Reaper, Orbital Command  
  20  1:37  Supply Depot  
  20  1:45  Reaper  
  22  1:54  SCV  
  22  2:04  Reaper  
  22  2:06  SCV  
  24  2:10  Command Center  
  24  2:17  Marine  
  24  2:18  SCV  
  26  2:23  Refinery  
  26  2:30  SCV  
  27  2:42  SCV  
  28  2:45  Factory  
  28  2:54  SCV  
  28  2:58  Barracks Tech Lab  
  29  2:59  Barracks Reactor  
  29  3:06  Command Center, SCV  
  30  3:18  Stimpack  
  30  3:19  SCV  
  31  3:22  Orbital Command  
  31  3:28  Marine  
  31  3:30  Factory Reactor  
  32  3:36  SCV  
  32  3:37  Marine  
  34  3:48  Marine x2  
  32  3:49  SCV  
  32  3:50  SCV, Starport  
  32  3:55  Marine  
  36  4:01  SCV  
  38  4:04  Supply Depot, SCV  
  38  4:06  Marine  
  40  4:10  Marine  
  40  4:11  Hellion  
  40  4:13  Marine  
  40  4:14  Hellion  
  46  4:17  SCV x2  
  46  4:21  Orbital Command  
  48  4:27  Medivac  
  48  4:30  SCV  
  51  4:33  Marine x2  
  51  4:37  Hellion x2  
  51  4:38  SCV  
  58  4:42  Supply Depot, SCV  
  58  4:44  Marine  
  60  4:47  SCV  
  60  4:50  SCV  
  60  4:52  Armory  
  62  4:54  Marine x2  
  64  5:01  Hellion x2  
  64  5:02  Marine  
  64  5:04  Combat Shield  
  64  5:06  Medivac  
  71  5:07  SCV  
  71  5:09  SCV  
  71  5:10  SCV  
  74  5:16  Supply Depot  
  74  5:17  Marine x2  
  74  5:20  SCV  
  77  5:30  Factory  
  77  5:35  Supply Depot  
  77  5:37  SCV x3, Marine  
  77  5:38  Widow Mine x2  
  77  5:39  Refinery  
  85  5:43  Engineering Bay  
  85  5:44  Engineering Bay  
  85  5:50  Supply Depot  
  85  5:55  SCV x3  
  82  6:01  Starport Reactor  
  82  6:03  Widow Mine x2  
  86  6:07  SCV x3, Refinery  
  89  6:19  SCV x3, Terran Infantry Armor Level 1, Terran Infantry Weapons Level 1  
  89  6:23  Supply Depot  
  89  6:24  Factory Tech Lab, Marine  
  89  6:25  Marine x2  
  95  6:31  Supply Depot, SCV x2, Widow Mine  
  95  6:32  Widow Mine  
  101  6:44  SCV x3, Drilling Claws  
  101  6:45  Command Center, Widow Mine  
  106  6:51  Supply Depot  
  105  6:56  SCV x3  
  102  7:09  SCV x3, Widow Mine x2  
  102  7:10  Barracks x2  
  102  7:11  Barracks  
  109  7:16  Refinery  
  109  7:19  Medivac x2, Siege Tank  
  109  7:21  SCV x3  
  119  7:24  Supply Depot  
  119  7:26  Marine x2  
  119  7:27  Marine  
  122  7:33  SCV x2  
  122  7:35  Widow Mine  
  122  7:36  Widow Mine  
  123  7:38  SCV  
  123  7:43  Barracks  
  124  7:44  Barracks, Marine  
  124  7:45  Barracks, Marine  
  124  7:49  Supply Depot  
  124  7:51  Medivac x2, Widow Mine  
  130  7:53  SCV  
  130  7:58  Widow Mine x2  
  137  8:02  Marine  
  137  8:03  Barracks Reactor, Barracks Tech Lab, Marauder  
  137  8:04  Barracks Reactor  
  140  8:06  Supply Depot, SCV  
  140  8:07  Supply Depot x2  
  141  8:13  Planetary Fortress  
  141  8:14  SCV x2  
  141  8:18  SCV  
  144  8:21  Medivac x2  
  144  8:26  SCV x2  
  150  8:27  Marine  
  150  8:28  Marine x3  
  150  8:31  SCV  
  150  8:33  Widow Mine x2  
  153  8:37  Barracks Reactor, Barracks Tech Lab x2  
  153  8:38  SCV x2  
  153  8:41  Widow Mine  
  157  8:43  SCV  
  157  8:45  Marine  
  157  8:46  Marauder x2, Marine x2  
  165  8:50  SCV  
  165  8:51  SCV, Marine  
  165  8:54  Supply Depot, Widow Mine x2  
  170  8:55  Medivac  
  170  9:00  SCV  
  171  9:03  Sensor Tower  
  171  9:07  Marine x3  
  171  9:08  Marauder x2  
  176  9:11  Terran Infantry Weapons Level 2  
  176  9:14  Marine  
  176  9:15  Marauder  
  176  9:16  Command Center, Marine x2  
  177  9:17  Concussive Shells  
  177  9:18  Marine x2  
  177  9:19  Marine  
  178  9:27  Supply Depot  
  178  9:29  Marine  
  178  9:30  Marauder  
  181  9:36  Marauder x2, Marine x4  
  181  9:37  Marauder  
  176  9:39  Refinery, Widow Mine x2  
  176  9:43  Widow Mine  
  176  9:44  Refinery, Medivac  
  174  9:49  Marine x2  
  174  9:51  Marauder  
  174  9:52  Medivac  
  176  9:58  Marauder x2  
  178  10:00  Widow Mine  
  178  10:01  Ghost Academy, Widow Mine  
  178  10:02  Marine x6  
  178  10:03  Marauder  
  188  10:09  Widow Mine  
  188  10:13  Marauder  
  192  10:14  Command Center  
  192  10:16  Terran Infantry Armor Level 2  
  189  10:22  Widow Mine x2, Marine  
  161  10:30  Marine x2  
  161  10:31  Marauder x2  
  161  10:34  Marine x2  
  161  10:35  Medivac x2, Marauder x2  
  157  10:38  Terran Vehicle Weapons Level 1, Marine x2  
  163  10:47  Widow Mine  
  163  10:48  Widow Mine x2  
  163  10:49  Marine x2  
  171  10:52  Marauder x2  
  171  10:53  Marine  
  171  10:56  Marauder x2  
  176  11:05  Medivac, Planetary Fortress  
  176  11:09  Widow Mine x3  
  182  11:13  Ghost  
  182  11:14  Marauder  
  182  11:17  Ghost  
  187  11:21  Marine x6  
  193  11:26  Command Center  
  193  11:29  Orbital Command  
  193  11:37  Marauder, Marine  
  196  11:44  Marauder x2, Marine x3  
  196  11:46  Marauder  
  198  11:50  Medivac  
  185  11:57  Marine  
  185  11:58  Ghost  
  185  12:00  Widow Mine  
  185  12:01  Widow Mine x2  
  186  12:05  Ghost x2  
  186  12:07  Ghost  
  167  12:10  Marine x7  
  168  12:22  Widow Mine x2, Siege Tank  
  172  12:24  Marine  
  172  12:26  Ghost  
  172  12:27  Marine  
  172  12:28  Command Center, Marine  
  177  12:31  Medivac  
  177  12:33  Ghost  
  175  12:38  Terran Vehicle And Ship Armor Level 1  
  175  12:39  Marine x3  
  175  12:40  Marine  
  175  12:43  Widow Mine x2  
  183  12:47  Marauder, Marine x4  
  183  12:48  Marauder  
  191  12:52  Personal Cloaking  
  191  12:54  Widow Mine  
  191  12:55  Marine  
  191  12:56  Refinery  
  191  12:57  Refinery  
  194  13:03  Marauder  
  194  13:05  Widow Mine, Marine  
  194  13:06  Marine x5  
  194  13:11  Terran Infantry Weapons Level 3  
  200  13:23  Terran Infantry Armor Level 3  
  194  13:33  Widow Mine x2  
  184  13:42  Orbital Command  
  184  13:44  Ghost x3  
  190  13:52  Ghost  
  190  13:53  Marine  
  190  13:54  Marine x6  
  192  14:00  Command Center  
  183  14:06  Marine  
  157  14:11  Marine x3  
  157  14:12  Ghost  
  157  14:13  Ghost x2  
  160  14:18  Widow Mine x2, Siege Tank  
  160  14:21  Ghost  
  156  14:34  Marine x8  
  151  14:39  Widow Mine  
  151  14:40  Widow Mine  
  151  14:41  Ghost x3  
  151  14:43  Missile Turret x2, Planetary Fortress  
  151  14:44  Missile Turret  
  161  14:49  Ghost  
  161  14:50  Widow Mine  
  161  14:51  Command Center x2  
  161  14:52  Marine x6  
  171  14:55  Medivac x2  
  175  15:01  Widow Mine x2  
  179  15:07  Missile Turret  
  179  15:08  Missile Turret  
  179  15:11  Widow Mine  
  179  15:14  Marauder x2, Marine x2  
  181  15:15  Sensor Tower  
  187  15:23  Marine x2  
  187  15:24  Marauder x2, Orbital Command  
  187  15:26  Widow Mine x2  
  195  15:44  Ghost  
  195  15:45  Marine, Ghost x2  
  179  16:04  Marine  
  179  16:05  Marauder, Marine  
Show
View Real Time Build Order
Export as new Build Order

Solar Zerg 

Build Orders: Hatch First, Lurkers 

Get SALT Encoding   

  12  0:01  Drone  
  13  0:12  Overlord  
  13  0:17  Drone  
  14  0:31  Drone x2  
  16  0:47  Hatchery  
  15  0:51  Drone  
  15  0:55  Drone  
  17  0:58  Drone  
  18  1:09  Extractor  
  17  1:13  Spawning Pool  
  17  1:16  Drone  
  17  1:19  Drone  
  18  1:28  Drone  
  19  1:38  Drone  
  20  1:49  Drone  
  21  2:00  Queen x2  
  21  2:01  Zergling x4  
  27  2:10  Overlord  
  27  2:11  Zergling x2  
  28  2:23  Hatchery  
  28  2:24  Drone  
  28  2:31  Drone  
  29  2:37  Queen  
  29  2:44  Metabolic Boost  
  30  2:45  Drone  
  30  2:47  Zergling x2  
  30  2:50  Overlord  
  32  2:52  Zergling x2  
  33  3:00  Spore Crawler  
  33  3:03  Drone x2  
  35  3:06  Drone  
  35  3:10  Drone x3  
  35  3:11  Drone  
  40  3:15  Drone  
  40  3:20  Queen  
  40  3:25  Drone, Overlord  
  43  3:30  Drone  
  44  3:34  Queen  
  44  3:39  Zergling x6  
  48  3:44  Drone  
  48  3:45  Drone  
  48  3:47  Drone  
  51  3:53  Drone x3  
  54  3:57  Overlord  
  54  4:01  Queen  
  56  4:05  Drone x2  
  56  4:07  Overlord  
  58  4:15  Queen, Overlord  
  61  4:17  Drone  
  61  4:21  Drone x2  
  61  4:23  Drone x2  
  65  4:27  Drone x3  
  65  4:28  Drone  
  69  4:32  Overlord  
  69  4:33  Drone  
  69  4:35  Drone  
  71  4:38  Drone x2  
  71  4:39  Drone  
  71  4:42  Queen  
  76  4:45  Drone  
  76  4:47  Drone  
  76  4:48  Baneling Nest  
  76  4:50  Spore Crawler, Overlord  
  76  4:57  Drone x4, Extractor x2  
  78  5:02  Lair  
  78  5:04  Spore Crawler, Drone  
  78  5:07  Drone x2  
  80  5:08  Drone  
  80  5:11  Drone x3  
  80  5:12  Zergling x4  
  85  5:15  Zergling x4  
  85  5:19  Overlord  
  87  5:23  Zergling x6, Extractor x2  
  87  5:26  Evolution Chamber x2  
  86  5:29  Drone  
  86  5:30  Drone x2  
  86  5:34  Baneling x6  
  86  5:35  Baneling  
  89  5:37  Overlord  
  89  5:38  Zergling x6, Baneling  
  89  5:41  Baneling  
  94  5:43  Baneling  
  94  5:45  Zergling x2  
  94  5:46  Zergling x4  
  97  5:54  Queen  
  97  5:55  Overlord  
  97  5:56  Zergling x2  
  97  5:57  Zergling x6  
  99  5:59  Zergling x4  
  99  6:02  Centrifugal Hooks  
  101  6:04  Baneling  
  101  6:06  Drone x2  
  101  6:09  Zergling x8  
  101  6:10  Overlord x2  
  105  6:14  Drone  
  106  6:18  Overlord  
  106  6:19  Overseer  
  106  6:23  Zerg Ground Armor Level 1  
  106  6:24  Zerg Melee Weapons Level 1  
  106  6:26  Overlord  
  106  6:30  Drone x3  
  109  6:34  Baneling  
  109  6:36  Hatchery  
  109  6:37  Zergling x4  
  109  6:38  Zergling x2  
  111  6:41  Baneling  
  111  6:46  Zergling x2  
  111  6:47  Zergling x10  
  117  6:48  Baneling  
  117  6:49  Baneling x2  
  117  6:52  Zergling x6  
  118  6:57  Zergling x6  
  118  6:58  Drone  
  118  6:59  Hatchery  
  118  7:06  Zergling x2  
  118  7:07  Zergling x4  
  121  7:09  Drone  
  121  7:10  Drone  
  121  7:12  Zergling x2  
  121  7:13  Baneling x2  
  124  7:17  Hydralisk Den  
  124  7:18  Overlord  
  124  7:20  Drone  
  124  7:21  Drone  
  124  7:22  Spore Crawler  
  124  7:29  Zergling x2  
  122  7:30  Drone  
  122  7:32  Drone  
  122  7:36  Extractor  
  118  7:41  Baneling x2, Drone x2  
  118  7:42  Drone x7  
  127  7:47  Grooved Spines  
  127  7:48  Overlord  
  127  7:49  Hydralisk x2, Hatchery  
  130  7:53  Baneling x2  
  130  7:56  Zergling x2  
  130  7:57  Drone  
  132  8:02  Zergling x2  
  132  8:05  Overlord  
  133  8:06  Baneling x2  
  133  8:09  Zergling x2  
  133  8:10  Zergling x2  
  135  8:17  Zergling x20  
  145  8:21  Pneumatized Carapace  
  145  8:22  Hydralisk x2  
  145  8:24  Zerg Melee Weapons Level 2, Zerg Ground Armor Level 2  
  148  8:27  Drone x2  
  148  8:33  Drone  
  150  8:35  Spore Crawler, Drone  
  150  8:37  Overlord  
  150  8:41  Infestation Pit, Drone x2  
  152  8:42  Lurker Den  
  152  8:47  Drone x5  
  147  8:58  Drone x3  
  147  8:59  Muscular Augments, Drone x2  
  147  9:00  Hydralisk x8  
  163  9:03  Drone  
  163  9:07  Overseer  
  164  9:12  Drone x3  
  164  9:16  Zergling x6  
  168  9:18  Drone  
  168  9:19  Drone x2  
  168  9:22  Drone, Hive  
  172  9:24  Zergling x2  
  172  9:25  Zergling x14  
  172  9:26  Baneling x6  
  172  9:27  Baneling x2  
  172  9:30  Drone x2  
  182  9:34  Zergling x2  
  182  9:35  Zergling x10  
  173  9:39  Overlord  
  173  9:42  Overlord  
  167  9:47  Zergling x6  
  167  9:48  Zergling x8  
  167  9:51  Overlord  
  172  9:53  Zergling x4  
  172  9:54  Overseer  
  172  9:57  Drone x2  
  172  9:58  Hydralisk, Drone  
  176  10:00  Baneling  
  176  10:01  Baneling x8  
  176  10:03  Zergling x2  
  176  10:05  Drone  
  176  10:06  Spore Crawler, Drone  
  178  10:07  Drone x2  
  180  10:16  Zergling x8  
  180  10:17  Zergling x2  
  180  10:18  Baneling x2  
  180  10:24  Zergling x8  
  160  10:28  Zergling x6  
  160  10:29  Overseer  
  160  10:35  Zergling x10  
  158  10:42  Zergling x6  
  160  10:45  Zergling x4  
  160  10:46  Zergling x6  
  160  10:48  Overseer  
  160  10:49  Overseer, Viper  
  165  10:50  Viper, Adrenal Glands  
  165  10:51  Seismic Spines  
  165  10:55  Overlord  
  165  10:56  Zergling x2  
  165  10:57  Zergling x2  
  165  10:58  Baneling x10  
  165  10:59  Zergling x2  
  165  11:02  Drone x2  
  166  11:05  Drone x2  
  166  11:09  Zergling x6  
  164  11:12  Hydralisk x4  
  164  11:14  Zergling x2  
  164  11:15  Baneling  
  164  11:16  Baneling x7  
  164  11:18  Zergling x4  
  172  11:24  Zergling x6  
  175  11:25  Zerg Missile Weapons Level 1  
  175  11:27  Zergling x6  
  175  11:28  Extractor  
  175  11:29  Zergling x8  
  175  11:30  Hatchery  
  180  11:34  Zergling x4  
  180  11:35  Overlord  
  180  11:36  Overlord  
  181  11:42  Zergling x14  
  176  11:48  Overlord  
  168  11:56  Zergling x14, Hatchery  
  168  11:58  Zergling x2  
  168  11:59  Zergling x10  
  179  12:05  Zergling x4  
  170  12:12  Hydralisk x2  
  170  12:17  Zergling x6  
  167  12:23  Zergling x2  
  167  12:24  Overseer  
  167  12:28  Zergling x2, Drone x3  
  167  12:29  Zergling x8  
  176  12:31  Adaptive Talons, Overlord  
  176  12:32  Zergling x2  
  176  12:35  Hatchery  
  176  12:37  Lurker x9  
  185  12:40  Zergling x2, Overlord  
  185  12:41  Zergling x2  
  187  12:48  Zergling x4, Nydus Network  
  187  12:49  Baneling x4  
  187  12:50  Baneling  
  188  12:52  Overseer  
  188  12:55  Zergling x16  
  196  13:00  Spore Crawler  
  196  13:01  Drone x2  
  197  13:11  Queen, Extractor  
  198  13:13  Zergling x2  
  198  13:14  Zergling x2  
  198  13:16  Baneling x14  
  200  13:20  Queen  
  200  13:21  Zergling x4  
  200  13:24  Zergling x6  
  200  13:26  Nydus Canal  
  190  13:28  Zergling x10  
  190  13:31  Zergling x6  
  184  13:34  Zergling x8  
  184  13:41  Zerg Ground Armor Level 3  
  184  13:44  Zerg Melee Weapons Level 3  
  184  13:46  Zergling x4  
  180  13:53  Zergling x14  
  187  13:56  Hydralisk x2  
  187  14:00  Drone  
  179  14:04  Zergling x2  
  179  14:05  Zergling x14  
  179  14:07  Zergling x6  
  179  14:09  Zergling x2  
  167  14:10  Zergling x4  
  167  14:13  Zergling x4  
  161  14:17  Baneling x6  
  161  14:18  Zergling x10  
  161  14:22  Hydralisk x2  
  164  14:25  Zergling x6  
  164  14:27  Zergling x2  
  164  14:28  Zergling x4  
  160  14:31  Zergling x8  
  160  14:34  Zergling x4  
  160  14:35  Hydralisk  
  160  14:38  Lurker x4  
  162  14:44  Hatchery  
  160  14:48  Baneling  
  160  14:49  Baneling x2  
  160  14:50  Zergling x16  
  160  14:51  Baneling  
  160  14:52  Baneling x2  
  168  14:55  Drone x2  
  168  14:57  Nydus Canal  
  168  14:58  Zergling x8  
  174  15:00  Baneling  
  174  15:01  Baneling x6  
  174  15:04  Zergling x2  
  174  15:05  Zergling x8  
  179  15:07  Zergling x6  
  183  15:15  Zergling x8  
  183  15:16  Zergling x8  
  183  15:19  Drone x2  
  183  15:20  Hydralisk  
  195  15:22  Spore Crawler  
  195  15:25  Zergling x6  
  195  15:26  Nydus Canal  
  196  15:29  Baneling x10  
  196  15:34  Baneling x2  
  196  15:35  Baneling x11  
  196  15:38  Drone x5  
  196  15:40  Drone x2  
  196  15:41  Drone  
  196  15:42  Hatchery  
  196  15:50  Drone x2  
  196  15:52  Drone x2  
  196  15:56  Baneling x2  
  195  15:58  Overlord  
  195  15:59  Zergling x10  
  195  16:03  Zergling x16  
  185  16:07  Nydus Canal  
  185  16:08  Zergling x2  
  185  16:09  Zergling x8  
  185  16:11  Zergling x8  
Tags
 
Add a new tag
Caveats
  • Supply blocks, unpowered buildings, or Contaminate may cause inaccurate times.
  • Supply counts are checked every 10 seconds.